 Dungeon Crawl Stone Soup version 0.19.0 (webtiles) character file.

51 Franakus the Stinger (level 3, 0/21 HPs)
             Began as an Octopode Venom Mage on Nov 1, 2016.
             Killed from afar by Sigmund (9 damage)
             ... with a puff of flame
             ... on level 2 of the Dungeon.
             The game lasted 00:09:43 (1182 turns).

Franakus the Stinger (Octopode Venom Mage)          Turns: 1182, Time: 00:09:44

Health: 0/21       AC:  1    Str:  7    XL:     3   Next: 81%
Magic:  6/6        EV: 13    Int: 18    God:
Gold:   74         SH:  0    Dex: 12    Spells: 2 memorised, 2 levels left

rFire  . . .     SeeInvis .     h - +1 dagger (venom)
rCold  . . .     Gourm    .     (no shield)
rNeg   . . .     Faith    .     (helmet restricted)
rPois  .         Spirit   .     (no amulet)
rElec  .         Reflect  .     g - ring of resist corrosion
rCorr  +         Harm     .     (no ring)
MR     .....                    (no ring)
Stlth  +++.......               (no ring)
                                (no ring)
                                (no ring)
                                (no ring)
                                (no ring)

@: no status effects
A: almost no armour, stealthy swim, amphibious, 8 rings, constrict 8, camouflage
1, gelatinous body 1
a: no special abilities


You were on level 2 of the Dungeon.
You were not hungry.

You visited 1 branch of the dungeon, and saw 2 of its levels.

You collected 74 gold pieces.

Inventory:

Hand Weapons
 h - a +1 dagger of venom (weapon)
Missiles
 l - 22 stones (quivered)
Jewellery
 g - a ring of resist corrosion (left tentacle)
Scrolls
 c - 5 scrolls of identify {unknown}
 f - a scroll of teleportation {unknown}
Potions
 d - a potion of lignification {unknown}
 e - 2 potions of cure mutation {unknown}
Books
 a - a Young Poisoner's Handbook

   Spells                             Type                      Level
   a - Sting                          Conjuration/Poison           1
   b - Mephitic Cloud                 Conjuration/Poison/Air       3
   c - Olgreb's Toxic Radiance        Poison                       4
   d - Alistair's Intoxication        Transmutation/Poison         5
   e - Venom Bolt                     Conjuration/Poison           5
Comestibles
 b - 2 bread rations
 i - a meat ration
 j - a beef jerky
 k - a chunk of flesh


   Skills:
 - Level 0.4 Short Blades
 + Level 2.3 Dodging
 + Level 3.2 Stealth
 - Level 0.4 Unarmed Combat
 * Level 2.2 Spellcasting
 + Level 0.4 Conjurations
 + Level 5.6 Poison Magic


You had 2 spell levels left.
You knew the following spells:

 Your Spells              Type           Power        Failure   Level  Hunger
a - Sting                 Conj/Pois      ##..         6%          1    #......
b - Mephitic Cloud        Conj/Pois/Air  #.......     24%         3    ###....


Dungeon Overview and Level Annotations

Branches:
Dungeon (2/15)

Altars:

Annotations:
D:2 Sigmund


Innate Abilities, Weirdness & Mutations

You cannot wear most types of armour.
You are very stealthy in the water. (Stealth+)
You are amphibious.
You can wear up to eight rings at the same time.
You can use your tentacles to constrict eight enemies at once.
Your skin changes colour to match your surroundings (Stealth+).
Your rubbery body absorbs attacks. (AC +1, EV +1)


Message History

Casting: Sting
Confirm with . or Enter, or press ? or * to list all spells.
Aiming: Sting
Press: ? - help, Shift-Dir - straight line, f/p - goblin
Aim: a goblin (severely wounded)
The sting hits the goblin.
The goblin is poisoned.
You kill the goblin!
Found a stone staircase leading up.
Found a scroll labeled LOOH FIUFU.
c - 5 scrolls labeled LOOH FIUFU (gained 1)
Found 22 stones.
You see here 22 stones.
l - 22 stones Sigmund the Dreaded comes into view.
He is wielding a scythe of venom.
Sigmund points at you and mumbles some strange words.
The magic dart hits you!
Ouch! That really hurt!
Sigmund casts a spell at you. The puff of flame hits you!
You die...

...<.....##..
.......#.##.#
.......#.##.#
............#
.......#....#
.......#....#
.......####.######
..#.#### #.@....#
###.############@#
#..............#
#############..#
#..# #..# #..#####
############......#
#.............###.#
#.############# #.#


You could see Sigmund.

Vanquished Creatures
  A gnoll (D:1)
  A dart slug (D:2)
  A leopard gecko (D:1)
  2 giant cockroaches (D:1)
  2 hobgoblins (D:1)
  9 jackals
  3 kobolds (D:1)
  5 bats (D:1)
  2 frilled lizards (D:1)
  5 goblins
  5 rats (D:1)
36 creatures vanquished.

Notes
Turn   | Place    | Note
-------+----------+-------------------------------------------
     0 | D:1      | Franakus the Octopode Venom Mage began the quest for the Orb.
     0 | D:1      | Reached XP level 1. HP: 11/11 MP: 3/3
    37 | D:1      | Reached skill level 5 in Poison Magic
   145 | D:1      | Reached XP level 2. HP: 6/17 MP: 3/5
   563 | D:1      | Reached XP level 3. HP: 15/21 MP: 6/6
   572 | D:1      | Learned a level 3 spell: Mephitic Cloud
  1175 | D:2      | Noticed Sigmund
  1182 | D:2      | Killed from afar by Sigmund

Skill      XL: |  1  2  3 |
---------------+----------+-----
Poison Magic   | 5 |  5.6
Stealth        | 3 |  3.2
Short Blades   | |  0.4
Dodging        | |  2.3
Unarmed Combat | |  0.4
Spellcasting   | |  2.2
Conjurations   | |  0.4

Action                   || total
-------------------------++-------
Melee: Unarmed           ||    26
       Constrict         ||    10
       Tentacles         ||     9
       Dagger            ||    19
       Short sword       ||     3
 Cast: Sting             ||    34
 Stab: Sleeping          ||     3
  Eat: Chunk             ||     1
Armor: Skin              ||     5
Dodge: Dodged            ||    45
